Match 38140474
Unlisted

Match 38140474
End
250 Light Carrier
Selects Armored Support Battlegroup
Panzergrenadier Squad
Panzergrenadier Squad
Construct Light Support Kompanie
250 Light Carrier
Panzergrenadier Squad
Combat Half-tracks
Construct Mechanized Kompanie
Selects Salvage Kits
Selects Superior Fire Drills
Veteran Squad Leaders
8 Rad Armored Car
2.5-tonne Medical Truck
Tungsten Core Ammunition
Selects Flammpanzer III Medium Tank
Panzerpioneer Squad
Vehicle Survival Package
WeebSlayer
Metabolic
Woolridge
Erek
STALKER4732
ezh
kit.ohume
Devochkin
0
0

Comments sign in to comment!

No comments posted yet!